 Dungeon Sprint DCSS version 0.27.1-33-g824d729ab1 (webtiles) character file.

Game seed: 10669064605397579321

2124 manyhoops the Tortoise (level 9, 0/129 HPs)
             Began as a Deep Dwarf Berserker on Nov 27, 2021.
             Was a Priest of Trog.
             Splashed by an oklob plant's acid (13 damage)
             ... in the Dungeon (Sprint I: "Red Sonja").
             The game lasted 00:02:07 (501 turns).

manyhoops the Tortoise (Deep Dwarf Berserker)        Turns: 501, Time: 00:02:08

Health: 0/129      AC:  9    Str: 24    XL:     9   Next: 8%
Magic:  6/6        EV:  8    Int:  8    God:    Trog [***...]
Gold:   154        SH:  0    Dex: 12    Spells: 8/8 levels left

rFire    . . .     SeeInvis .   a - +0 hand axe
rCold    . . .     Faith    .   (no shield)
rNeg     . . .     Spirit   .   m - +0 plate armour
rPois    .         Reflect  .   (no helmet)
rElec    .         Harm     .   (no cloak)
rCorr    .         Rampage  .   (no gloves)
Will     +....     NoTele   +   (no boots)
Stlth    ..........             (no amulet)
HPRegen  0.00/turn              (no ring)
MPRegen  0.10/turn              (no ring)

@: berserking, corroded, very quick
A: damage resistance, heal wounds, sense surroundings 2, no regeneration
a: Heal Wounds, Renounce Religion, Berserk, Trog's Hand


You were in the Dungeon.
You worshipped Trog.
Trog was most pleased with you.
You visited 1 branch You collected 384 gold pieces.
You spent 230 gold pieces at shops.

Inventory:

Hand Weapons
 a - a +0 hand axe (weapon)
Armour
 m - a +0 plate armour (worn)
Wands
 i - a wand of polymorph (9)
Scrolls
 h - a scroll of blinking
 k - a scroll of identify {unknown}
 l - a scroll of summoning {unknown}
Potions
 c - 2 potions of mutation {unknown}
 e - a potion of haste
 f - 2 potions of magic
 g - a potion of berserk rage


   Skills:
 - Level 7.3 Fighting
 - Level 13.4 Axes
 + Level 15.4 Armour
 - Level 2.1 Dodging


You had 8 spell levels left.
You didn't know any spells.
Your spell library was empty.

Dungeon Overview and Level Annotations

Branches:
Dungeon (1/1)

Altars:
Cheibriados
Dithmenos
Elyvilon
Fedhas
Gozag
Hepliaklqana
Kikubaaqudgha
Makhleb
Nemelex Xobeh
Okawaru
Qazlal
Ru
Sif Muna
Trog
Uskayaw
Vehumet
Wu Jian
Xom
Yredelemnul
Zin
The Shining One
Jiyva
Lugonu

Shops:
D [

Annotations:
D exclusion: oklob plant


Innate Abilities, Weirdness & Mutations

You are resistant to damage.
You can heal yourself by infusing magical energy.
You passively map the area around you.
You do not regenerate.


Message History

You feel much better.
You recover from your berserk rage.
There is an open door here.
You see here a hornet corpse.
You feel much better.
You open the door.
An oklob plant comes into view.
The oklob plant spits acid at you. The splash of acid hits you!
The acid corrodes you!
You are splashed with acid!
Marking area around an oklob plant as unsafe for travelling.
The oklob plant spits acid at you.
The splash of acid hits you but does no damage.
You are splashed with acid!
There is an open door here.
A red film seems to cover your vision as you go berserk!
You feel yourself moving faster!
You feel mighty! The oklob plant spits acid at you.
The splash of acid hits you. The acid corrodes you!
You are splashed with acid!
You hit the oklob plant but do no damage.
The oklob plant spits acid at you. The splash of acid hits you.
You are splashed with acid!
You slash the oklob plant!
The oklob plant is lightly damaged.
You slash the oklob plant!
The oklob plant is heavily damaged.
The oklob plant spits acid at you. The splash of acid hits you!
* * * LOW HITPOINT WARNING * * *
You are splashed with acid!
* * * LOW HITPOINT WARNING * * *
Okay, then.
You slash the oklob plant!
The oklob plant is severely damaged.
You hit the oklob plant but do no damage.
The oklob plant is severely damaged.
The oklob plant spits acid at you. The splash of acid hits you!
* * * LOW HITPOINT WARNING * * *
You are splashed with acid!
You die...

############ * * **
..#.)'..#__# , ,, ,
..'..#..'..+ ,, + *,
, #+#####'#__#### ,
, #...#.####[§####*
+ ###..##.#§≈§.§#..#
+ ^,, ,
__##'#§.'§≈§§§§..# *
, **
...†..§_#§§≈§)#..# ,
__##_.#'##+#####@#**
, * __###+#.# , ,
*#P+ * ,* + , ###*
### * ### , ** , ,,,
, , * , * , * * * ,
, , * * * , , * * ,
, * * , , * , *, , +
* , , , * , , ,*


You could see an oklob plant.

Vanquished Creatures
  2 centaur warriors (D)
  A hornet (D)
  A slime creature (D)
  Sigmund (D)
  A yak (D)
  An ogre (D)
  A jelly (D)
  Ijyb (D)
9 creatures vanquished.

Notes
Turn   | Place    | Note
-------+----------+-------------------------------------------
     0 | D        | manyhoops the Deep Dwarf Berserker began the quest for the
                  | Orb.
     0 | D        | Reached XP level 1. HP: 20/20 MP: 1/1
     1 | D        | Noticed Ijyb
    16 | D        | Killed Ijyb
    17 | D        | Reached XP level 2. HP: 26/27 MP: 2/2
   145 | D        | Noticed an ogre
   149 | D        | Killed an ogre
   150 | D        | Reached skill level 10 in Axes
   150 | D        | Reached XP level 3. HP: 20/33 MP: 3/3
   150 | D        | Reached XP level 4. HP: 24/40 MP: 4/4
   201 | D        | Noticed Sigmund
   218 | D        | Killed Sigmund
   218 | D        | Reached ** piety under Trog
   219 | D        | Reached XP level 5. HP: 37/46 MP: 5/5
   255 | D        | Found an ornate altar of the Wu Jian Council.
   255 | D        | Found a shimmering blue altar of Sif Muna.
   257 | D        | Found a radiant altar of Vehumet.
   261 | D        | Reached XP level 6. HP: 57/57 MP: 5/5
   298 | D        | Found Ecuifut's Armour Emporium.
   298 | D        | Found an ancient bone altar of Kikubaaqudgha.
   298 | D        | Found a hazy altar of Hepliaklqana.
   298 | D        | Found a stormy altar of Qazlal.
   298 | D        | Found a hide-covered altar of Uskayaw.
   298 | D        | Found a blossoming altar of Fedhas.
   298 | D        | Found a bloodstained altar of Trog.
   298 | D        | Found an iron altar of Okawaru.
   298 | D        | Found a basalt altar of Yredelemnul.
   298 | D        | Found a glowing golden altar of the Shining One.
   298 | D        | Found a snail-covered altar of Cheibriados.
   298 | D        | Found a sacrificial altar of Ru.
   298 | D        | Found a glowing silver altar of Zin.
   298 | D        | Found a shadowy altar of Dithmenos.
   298 | D        | Found a white marble altar of Elyvilon.
   298 | D        | Noticed a yak
   304 | D        | Killed a yak
   305 | D        | Found an opulent altar of Gozag.
   306 | D        | Found a sparkling altar of Nemelex Xobeh.
   310 | D        | Bought a +0 plate armour for 230 gold pieces
   333 | D        | Found a burning altar of Makhleb.
   333 | D        | Found a viscous altar of Jiyva.
   333 | D        | Found a shimmering altar of Xom.
   333 | D        | Found a corrupted altar of Lugonu.
   333 | D        | Noticed a slime creature
   346 | D        | Killed a slime creature
   346 | D        | Reached *** piety under Trog
   347 | D        | Reached skill level 7 in Armour
   347 | D        | Reached XP level 7. HP: 30/72 MP: 6/6
   369 | D        | Noticed a centaur warrior
   372 | D        | Noticed a centaur warrior
   388 | D        | Killed a centaur warrior
   389 | D        | Reached skill level 12 in Armour
   389 | D        | Reached XP level 8. HP: 71/80 MP: 6/6
   389 | D        | Killed a centaur warrior
   390 | D        | Reached skill level 14 in Armour
   440 | D        | Noticed a hornet
   447 | D        | Paralysed by a hornet for 3 turns
   465 | D        | Killed a hornet
   466 | D        | Reached skill level 15 in Armour
   466 | D        | Gained mutation: You passively map the area around you.
                  | [Deep Dwarf growth]
   466 | D        | Reached XP level 9. HP: 45/86 MP: 7/7
   494 | D        | Noticed an oklob plant
   501 | D        | Splashed by an oklob plant's acid

Illustrated notes

Levels and vault maps discovered:
D:        dungeon_sprint_1 [red_sonja_temple_1, red_sonja_temple_small_1]

Skill      XL: |  1  2  3  4  5  6  7  8 |
---------------+-------------------------+-----
Axes           | 7 10 13 | 13.4
Fighting       | 3 7 |  7.3
Armour         | 7 12 15 | 15.4
Dodging        | |  2.1

Action                   |  1- 3 |  4- 6 |  7- 9 || total
-------------------------+-------+-------+-------++-------
Melee: Hand axe          |    12 |    30 |    39 ||    81
       Unarmed           |     4 |       |       ||     4
Invok: Berserk           |     2 |     3 |     3 ||     8
 Abil: Heal Wounds       |       |     2 |     5 ||     7
  Use: Potion            |       |     2 |       ||     2
Armor: Plate armour      |       |     2 |    35 ||    37
Dodge: Dodged            |     3 |     6 |    12 ||    21
